 Dungeon Crawl Stone Soup version 0.32-a0-913-g739538afd8 (webtiles) character file.

Game seed: 1439212215608197448

2010 spaghetti the Basher (level 9, -5/84 HPs)
             Began as an Oni Chaos Knight on Apr 9, 2024.
             Was a Plaything of Xom.
             Slain by an orc warrior
             ... wielding a +0 morningstar
              (9 damage)
             ... on level 7 of the Dungeon.
             The game lasted 00:08:34 (5286 turns).

spaghetti the Basher (Oni Chaos Knight)             Turns: 5286, Time: 00:08:35

Health: -5/84      AC:  5    Str: 18    XL:     9   Next: 22%
Magic:  10/10      EV:  9    Int: 15    God:    Xom [...*..]
Gold:   259        SH:  0    Dex: 10    Spells: 4/10 levels left

rFire   + + .        e - +5 great mace of Waiskos {freeze, rPois Str+2}
rCold   . . .        (shield currently unavailable)
rNeg    + . .        b - +2 robe
rPois   +            (helmet restricted)
rElec   .            (no cloak)
rCorr   .            (gloves unavailable)
SInv    .            (boots unavailable)
Will    .....        (no amulet)
Stlth   +            h - ring of positive energy
HPRegen 0.34/turn    (no ring)
MPRegen 0.12/turn

%: clarity
@: attractive
A: large, unfitting armour, horns 1, tough skin 1, double potion healing,
drunken brawling, clarity, fire resistance 2, weak 1
a: Renounce Religion


You were on level 7 of the Dungeon.
You worshipped Xom.
You were a favourite toy of Xom.
You visited 1 branch of the dungeon, and saw 8 of its levels.

You collected 259 gold pieces.

Inventory:

Hand Weapons
 a - a +1 spectral mace
 e - the +5 great mace of Waiskos (weapon) {freeze, rPois Str+2}
   (You acquired it on level 2 of the Dungeon)

   Str+2:     It affects your strength (+2).
   rPois:     It protects you from poison.
Armour
 b - a +2 robe (worn)
Jewellery
 c - a +5 ring of evasion
 h - a ring of positive energy (left hand)
Wands
 m - a wand of flame (6)
 q - a wand of digging (3)
Scrolls
 k - 2 scrolls of identify
 l - a scroll of brand weapon
 o - a scroll of immolation
Potions
 f - 2 potions of enlightenment
 i - 2 potions of lignification
 n - 2 potions of mutation


   Skills:
 - Level 4.0 Fighting
 + Level 9.0 Maces & Flails
 - Level 2.1 Dodging
 - Level 1.3 Spellcasting
 * Level 7.3 Necromancy


You had 4 spell levels left.
You knew the following spells:

 Your Spells              Type           Power      Damage    Failure   Level
a - Death Channel         Necr           11%        N/A       88%         6

Your spell library contained the following spells:

 Spells                   Type           Power      Damage    Failure   Level
 Necrotise                Necr           88%        1d8       1%          1
 Kiss of Death            Conj/Necr      44%        2d8       5%          1
 Dispel Undead            Necr           22%        3d12      12%         4
 Apportation              Tloc           0%         N/A       24%         1
 Freeze                   Ice            0%         1d3       24%         1
 Sting                    Conj/Alch      0%         1d3       24%         1
 Summon Small Mammal      Summ           0%         N/A       24%         1
 Confusing Touch          Hex            0%         N/A       58%         3
 Frozen Ramparts          Ice            0%         1d1       58%         3
 Hailstorm                Conj/Ice       0%         3d5       58%         3
 Sigil of Binding         Hex            0%         N/A       58%         3
 Volatile Blastmotes      Fire/Tloc      0%         2d10      58%         3
 Fulminant Prism          Conj/Alch      0%         3d5       94%         4
 Iskenderun's Mystic Bla Conj/Tloc 0%             2d3        (+2d1     94%         4
 Conjure Ball Lightning   Conj/Air       0%         3x3d6     100%        6
 Sculpt Simulacrum        Ice/Alch       0%         N/A       100%        6
 Discord                  Hex            0%         N/A       100%        8
 Disjunction              Tloc           0%         N/A       100%        8


Dungeon Overview and Level Annotations

Branches:
Dungeon (8/15)             Temple (0/1) D:4
   Lair: D:8-11

Altars:
Ashenzari
Cheibriados
Gozag
Xom

Shops:
D:4 [


Innate Abilities, Weirdness & Mutations

You are too large for most types of armour.
You have a pair of small horns on your head.
You have tough skin. (AC +1)
You gain doubled healing and magic from potions.
Whenever you drink a healing potion, you attack all around you.
You possess an exceptional clarity of mind.
Your flesh is very heat resistant. (rF++)
You are weak. (Str -2)


Message History

The puff of flame hits the orc warrior.
The orc warrior is lightly wounded.
The orc warrior unwields a +0 morningstar.
The orc warrior wields a +0 orcbow.
The orc warrior shoots an arrow.
The arrow hits you!
You hear a shout!
Unknown command.
Okay, then.
Okay, then.
You feel attractive to monsters.
The orc warrior is attracted toward you.
You closely miss the orc warrior.
The orc warrior is lightly wounded.
The orc warrior unwields a +0 orcbow.
The orc warrior wields a +0 morningstar.
The orc warrior closely misses you.
You barely miss the orc warrior.
The orc warrior is lightly wounded.
The orc warrior hits you with a +0 morningstar!
* * * LOW HITPOINT WARNING * * *
You emit a cloud of colourful smoke!
Unknown command.
Unknown command.
You sock the orc warrior! You freeze the orc warrior.
Your headbutt misses the orc warrior.
The orc warrior is almost dead.
The orc warrior hits you but does no damage.
You barely miss the orc warrior.
You headbutt the orc warrior, but do no damage.
The orc warrior is almost dead.
The orc warrior hits you with a +0 morningstar.
* * * LOW HITPOINT WARNING * * *
The orc warrior hits you with a +0 morningstar!
* * * LOW HITPOINT WARNING * * *
Unknown command.
Unknown command.
You barely miss the orc warrior.
The orc warrior is almost dead.
The orc warrior hits you with a +0 morningstar!
You die...

#....#### ........
#.#......
#......########.#######
#......+...............
.../..##..############
...?.#..####.#
#####...........#
#.....☼§o.#####y#
+......@..#####†#
#.....§§§.#..yo.#
#.$.......#..oyy#
#.........#...oy#
#.........#.....#
##+###+####....o#
........ .o.###... ...
....


You could see an orc warrior.

Vanquished Creatures
  Sigmund (D:2)
  2 yaks (D:6)
  Eustachio (D:5)
  An ice beast (D:6)
  A black bear (D:5)
  A phantom (D:5)
  A kobold brigand (D:6)
  2 bullfrogs (D:6)
  A scorpion (D:4)
  2 killer bees
  A bombardier beetle (D:5)
  2 hounds
  4 orc priests
  A jelly (D:4)
  A sleepcap (D:5)
  Jessica (D:2)
  5 iguanas
  Ijyb (D:4)
  Natasha (D:2)
  An orc wizard (D:3)
  Robin (D:4)
  4 adders
  A shadow imp (D:6)
  6 dart slugs
  A ribbon worm (D:2)
  14 orcs
  3 endoplasms
  5 giant cockroaches
  11 goblins
  6 hobgoblins
  2 jackals (D:4)
  13 kobolds
  5 quokkas
  10 ball pythons
  2 bats (D:1)
  3 frilled lizards (D:2)
  7 rats
125 creatures vanquished.

Vanquished Creatures (collateral kills)
  A yak (D:6)
  2 orcs (D:5)
  A kobold (D:6)
4 creatures vanquished.

Vanquished Creatures (others)
  A dancing weapon (D:6)
  A bat (D:3)
2 creatures vanquished.

Grand Total: 131 creatures vanquished

Notes
Turn   | Place    | Note
-------+----------+-------------------------------------------
     0 | D:1      | spaghetti the Oni Chaos Knight began the quest for the Orb.
     0 | D:1      | Reached XP level 1. HP: 24/24 MP: 1/1
    44 | D:1      | XOM: silly message
    46 | D:1      | XOM: silly message
    49 | D:1      | XOM: divination: detect items
   114 | D:1      | Reached XP level 2. HP: 32/32 MP: 2/2
   117 | D:1      | XOM: silly message
   134 | D:1      | You fall into a shaft and drop 1 floor!
   207 | D:2      | Noticed Jessica
   218 | D:2      | Killed Jessica
   219 | D:2      | Reached skill level 4 in Maces & Flails
   219 | D:2      | Reached XP level 3. HP: 11/39 MP: 3/3
   353 | D:2      | XOM: silly message
   630 | D:1      | Reached XP level 4. HP: 48/48 MP: 4/4
   782 | D:1      | XOM: divination: detect creatures
   791 | D:1      | XOM: silly message
   907 | D:1      | XOM: silly message
  1082 | D:2      | XOM: silly message
  1102 | D:2      | Noticed Sigmund
  1110 | D:2      | Killed Sigmund
  1111 | D:2      | Reached skill level 6 in Maces & Flails
  1111 | D:2      | Reached XP level 5. HP: 54/54 MP: 5/5
  1111 | D:2      | Reached XP level 6. HP: 62/62 MP: 6/6
  1208 | D:2      | Identified a scroll of acquirement
  1208 | D:2      | Acquired the +5 great mace of Waiskos {freeze, rPois Str+2}
  1267 | D:2      | Noticed Natasha
  1273 | D:2      | Killed Natasha
  1765 | D:3      | Reached skill level 1 in Spellcasting
  1840 | D:3      | Learned a level 6 spell: Death Channel
  1934 | D:3      | Found an opulent altar of Gozag.
  2139 | D:3      | Found a snail-covered altar of Cheibriados.
  2260 | D:3      | XOM: silly message
  2395 | D:4      | XOM: stealth player
  2402 | D:4      | Reached skill level 7 in Maces & Flails
  2402 | D:4      | Reached skill level 1 in Necromancy
  2617 | D:4      | Noticed Ijyb
  2620 | D:4      | Killed Ijyb
  2621 | D:4      | Reached XP level 7. HP: 60/70 MP: 8/8
  2760 | D:4      | XOM: cloud trail
  2819 | D:4      | XOM: silly message
  3092 | D:4      | Found a staircase to the Ecumenical Temple.
  3131 | D:4      | Found Femiba's Antique Armour Shop.
  3131 | D:4      | Noticed Robin
  3145 | D:4      | Killed Robin
  3191 | D:4      | XOM: noise
  3250 | D:5      | Entered Level 5 of the Dungeon
  3276 | D:5      | XOM: divination: detect items
  3280 | D:5      | XOM: silly message
  3322 | D:5      | XOM: noise
  3369 | D:5      | XOM: scenery: 4 doors open
  3456 | D:5      | Gained mutation: Your flesh is heat resistant. (rF+)
                  | [potion of mutation]
  3456 | D:5      | Gained mutation: You are weak. (Str -2) [potion of
                  | mutation]
  3456 | D:5      | Gained mutation: You possess an exceptional clarity of
                  | mind. [potion of mutation]
  3565 | D:5      | XOM: give mutation
  3565 | D:5      | Gained mutation: Your flesh is very heat resistant. (rF++)
                  | [Xom's grace]
  3862 | D:5      | XOM: scenery: create altars
  3897 | D:5      | XOM: summons 2 friendly demons
  3900 | D:5      | Reached XP level 8. HP: 70/78 MP: 9/9
  3902 | D:5      | XOM: polymorph hellwing -> sun demon
  3960 | D:5      | Noticed Eustachio
  3963 | D:5      | XOM: summons 8 friendly demons
  3966 | D:5      | Killed Eustachio
  4030 | D:5      | XOM: potion effect (brilliance)
  4035 | D:5      | Reached skill level 8 in Maces & Flails
  4035 | D:5      | Reached skill level 5 in Necromancy
  4242 | D:6      | Noticed a yak
  4244 | D:6      | Noticed a yak
  4246 | D:6      | Noticed a yak
  4249 | D:6      | Killed a yak
  4265 | D:6      | XOM: scenery: create altars
  4266 | D:6      | XOM: enchant monster (good)
  4332 | D:6      | Killed a yak
  4335 | D:6      | Killed a yak
  4336 | D:6      | Reached XP level 9. HP: 59/84 MP: 10/10
  4508 | D:6      | XOM: god gift: 7 gold pieces
  4579 | D:6      | XOM: silly message
  4749 | D:6      | Found a broken altar of Ashenzari.
  4763 | D:6      | Reached skill level 9 in Maces & Flails
  5060 | D:6      | XOM: summons 5 hostile demons
  5165 | D:7      | XOM: swap monsters
  5238 | D:8      | XOM: scenery: 1 doors open
  5283 | D:7      | XOM: smoke on damage
  5285 | D:7      | HP: 4/84 [orc warrior/+0 morningstar (7)]
  5286 | D:7      | Slain by an orc warrior

Illustrated notes

Levels and vault maps discovered:
D:1:      sevenhm_arrival_forest_fort_large_4, layout_rooms,
          minmay_tiny_reverse_x
D:2:      layout_loops_corners, uniq_natasha, uniq_jessica, uniq_sigmund
D:3:      layout_basic, mainiacjoe_overflow_alcove_2, mainiacjoe_overflow_paths,
          nicolae_overflow_hidden_temple
D:4:      layout_basic, minmay_temple_entry_wispy, serial_shops,
          kennysheep_little_box, uniq_robin, uniq_ijyb
D:5:      layout_gridville, uniq_eustachio
D:6:      layout_loops_ring, nicolae_ashenzari_skybound, gup_sewer_entry_bowl
D:7:      layout_basic, beargit_hepliaklqana_dungeon_heroes,
          minmay_misc_feat_square, nicolae_shop_gadgets
D:8:      layout_gridville, marbit_many_paths, gammafunk_temple_overflow_pools

Skill      XL: |  1  2  3  4  5  6  7  8  9 |
---------------+----------------------------+-----
Maces & Flails | 4 6 7 8 9 |  9.0
Spellcasting   | 1 |  1.3
Necromancy     | 1 4 6 7 |  7.3
Fighting       | |  4.0
Dodging        | |  2.1

Action                     |  1- 3 |  4- 6 |  7- 9 || total
---------------------------+-------+-------+-------++-------
  Melee: Mace              |    54 |    20 |       ||    74
         Headbutt          |     6 |     8 |    12 ||    26
         Great mace        |       |    57 |   170 ||   227
  Throw: Dart              |       |       |    15 ||    15
  Evoke: Wand              |       |       |     1 ||     1
    Use: Potion            |       |     8 |     5 ||    13
         Scroll            |       |     8 |     3 ||    11
   Stab: Sleeping          |     1 |     2 |       ||     3
 Armour: Robe              |    45 |    73 |   190 ||   308
         Skin              |       |     6 |     7 ||    13
  Dodge: Dodged            |    30 |    45 |    97 ||   172

Table legend: (Time is in decaauts)
 A = Elapsed time spent in this place.
 B = Non-inter-level travel time spent in this place.
 C = Inter-level travel time spent in this place.
 D = Time resting spent in this place.
 E = Time spent auto-exploring this place.
 F = Levels seen in this place.
 G = Mean time per level.
                   A        B        C        D        E       F      G
               +--------+--------+--------+--------+--------+-----+--------+
         Total |   5376 |   5180 |    196 |    145 |   4120 |   8 |  672.0 |
       Dungeon |   5376 |   5180 |    196 |    145 |   4120 |   8 |  672.0 |
               +--------+--------+--------+--------+--------+-----+--------+

Top non-repeatable levels by time:
     D:2: 1027 daAuts
     D:5: 983 daAuts
     D:4: 873 daAuts
     D:6: 869 daAuts
     D:3: 735 daAuts
     D:1: 664 daAuts
     D:7: 140 daAuts
     D:8: 82 daAuts
